 Dungeon Crawl Stone Soup version 0.13.1-2-gfb2c2b7 (webtiles) character file.

344 Lilouch the Firebug (level 5, -10/38 HPs)
             Began as a Hill Orc Fire Elementalist on Dec 3, 2013.
             Mangled by Lilouch's ghost (11 damage)
             ... on Level 4 of the Dungeon.
             The game lasted 00:11:50 (3296 turns).

Lilouch the Firebug (Hill Orc Fire Elementalist)    Turns: 3296, Time: 00:11:51

HP -10/38        AC  2     Str 11      XL: 5   Next: 44%
MP   4/9         EV 12     Int 16      God:
Gold 181         SH  0     Dex 11      Spells:  4 memorised,  1 level left

Res.Fire  : . . .   See Invis. : .   m - +0 whip
Res.Cold  : . . .   Warding    : .   a - +0 orc robe
Life Prot.: . . .   Conserve   : .   (no shield)
Res.Poison: .       Res.Corr.  : .   (no helmet)
Res.Elec. : .       Clarity    : .   (no cloak)
Sust.Abil.: . .     Spirit.Shd : .   (no gloves)
Res.Mut.  : .       Stasis     : +   (no boots)
Res.Rott. : .       Flight     : .   h - amulet of stasis {unknown}
Saprovore : + . .                    (no ring)
                                     (no ring)

@: slightly resistant to hostile enchantments, unstealthy
A: saprovore 1
a: no special abilities


You were on level 4 of the Dungeon.
You were hungry.

You visited 1 branch of the dungeon, and saw 4 of its levels.

You collected 161 gold pieces.

Inventory:

Hand weapons
 m - a +0,+0 whip (weapon)
 p - a +0,+0 hand axe of freezing
 s - a +0,+0 spear
 v - a +0,+0 orcish dagger
 G - a -1,+0 orcish whip
Missiles
 f - 14 poisoned needles
 i - 2 darts of flame
 j - 46 stones
 n - 2 darts of dispersal
 o - a javelin (quivered)
 q - 11 arrows of dispersal
 w - 24 sling bullets
Armour
 a - a +0 orcish robe (worn)
Comestibles
 c - 2 meat rations
 g - an apple
 l - a chunk of giant cockroach flesh
 u - a rotting chunk of hobgoblin flesh
Scrolls
 d - 3 scrolls of remove curse {unknown}
 k - a scroll of fog {unknown}
 x - 2 scrolls of identify {unknown}
 y - a scroll of curse armour {unknown}
 A - 2 scrolls of magic mapping {unknown}
 E - 3 scrolls of enchant weapon II {unknown}
 F - a scroll of blinking {unknown}
Jewellery
 h - an amulet of stasis (around neck) {unknown}
 r - an uncursed amulet of clarity {unknown}
 C - a +4 ring of strength {unknown}
Potions
 e - 5 potions of curing {unknown}
 B - a potion of degeneration {unknown}
Books
 b - a book of Flames

   Spells                             Type                      Level
   *Flame Tongue                      Conjuration/Fire             1
   *Throw Flame                       Conjuration/Fire             2
   *Conjure Flame                     Conjuration/Fire             3
   Inner Flame                        Hexes/Fire                   3
   Sticky Flame                       Conjuration/Fire             4
   Fireball                           Conjuration/Fire             5
 z - a book of Conjurations

   Spells                             Type                      Level
   *Magic Dart                        Conjuration                  1
   Searing Ray                        Conjuration                  2
   Dazzling Spray                     Conjuration/Hexes            3
   Iskenderun's Mystic Blast          Conjuration                  4
   Iskenderun's Battlesphere          Conjuration/Charms           4
   Fulminant Prism                    Conjuration/Hexes            5


   Skills:
 - Level 1.5 Dodging
 - Level 1.5 Stealth
 + Level 2.2 Spellcasting
 + Level 2.3 Conjurations
 * Level 5.2 Fire Magic


You had one spell level left.
You knew the following spells:

 Your Spells              Type           Power        Failure   Level  Hunger
a - Flame Tongue          Conj/Fire      ##...        6%          1    #......
b - Throw Flame           Conj/Fire      ##....       10%         2    ##.....
c - Conjure Flame         Conj/Fire      ##......     14%         3    ####...
d - Magic Dart            Conj           #...         10%         1    #......


Dungeon Overview and Level Annotations

Branches:
Dungeon (4/27)
 Temple: D:4-7

Altars:

Annotations:
D:4 Lilouch's ghost, average HOFE


Innate Abilities, Weirdness & Mutations

You can tolerate rotten meat.


Message History

The stone misses you.
The goblin shoots a stone.
The stone hits you!
Lilouch's ghost is engulfed in roaring flames.
Lilouch's ghost lets out a tongue of flame.
The flame misses you.
You barely miss Lilouch's ghost.
Lilouch's ghost is heavily damaged.
The goblin shoots a stone.
The stone misses you.
Lilouch's ghost is engulfed in roaring flames.
Lilouch's ghost wails.
Lilouch's ghost hits you!
* * * LOW HITPOINT WARNING * * *
You hit Lilouch's ghost but do no damage.
Lilouch's ghost is severely damaged.
The phantom is engulfed in roaring flames.
The phantom hits you!
* * * LOW HITPOINT WARNING * * *
The phantom blinks!
The goblin shoots a stone.
The stone misses you.
Lilouch's ghost is engulfed in roaring flames.
Lilouch's ghost hits you!
You die...

#.# #.. #.# #.# .##
#.# .p.. #g# .....
#.# #
.......#.##.######
........p@........
.#######ยง##.######
...! .. ##.... ..#
#..... .# #...... #
#....... #......
..(


You could see a phantom, Lilouch's ghost and a goblin.

Vanquished Creatures
  7 adders
  4 gnolls (D:3)
  A worm (D:2)
  2 giant geckos
  An ooze (D:2)
  9 hobgoblins
  4 jackals (D:2)
  A quokka (D:2)
  6 bats
  4 giant cockroaches
  4 giant newts
  5 goblins
  9 kobolds
  7 rats
64 creatures vanquished.

Notes
Turn   | Place    | Note
--------------------------------------------------------------
     0 | D:1      | Lilouch, the Hill Orc Fire Elementalist, began the quest for the Orb.
     0 | D:1      | Reached XP level 1. HP: 14/14 MP: 3/3
   556 | D:1      | Reached XP level 2. HP: 12/20 MP: 0/4
  1295 | D:2      | Reached skill level 4 in Fire Magic
  1295 | D:2      | Reached XP level 3. HP: 11/26 MP: 1/6
  1750 | D:2      | Reached XP level 4. HP: 30/33 MP: 2/7
  2543 | D:3      | Reached skill level 5 in Fire Magic
  2543 | D:3      | Reached XP level 5. HP: 38/38 MP: 5/9
  2555 | D:3      | Learned a level 2 spell: Throw Flame
  2559 | D:3      | Learned a level 3 spell: Conjure Flame
  3152 | D:3      | Learned a level 1 spell: Magic Dart
  3172 | D:4      | Noticed Lilouch's ghost (average HOFE)
  3283 | D:4      | Noticed a phantom
  3296 | D:4      | HP: 1/38 [phantom (10)]
  3296 | D:4      | Mangled by Lilouch's ghost

Action                   |  1- 3 |  4- 6 || total
-------------------------+-------+-------++-------
Melee: Unarmed           |     8 |       ||     8
       Whip              |    11 |     6 ||    17
Throw: Javelin           |       |     7 ||     7
 Cast: Flame Tongue      |    60 |    55 ||   115
       Conjure Flame     |       |     3 ||     3
